 Dungeon Crawl Stone Soup version 0.25-a0-253-g6f1b5d974a (webtiles) character file.

Game seed: 9167031932164576229, levelgen mode: deterministic

67 Lanoc the Insei (level 4, 0/39 HPs)
             Began as a Kobold Transmuter on Dec 5, 2019.
             Succumbed to a kobold's poison
             ... on level 2 of the Dungeon.
             The game lasted 00:05:10 (2239 turns).

Lanoc the Insei (Kobold Transmuter)                 Turns: 2239, Time: 00:05:11

Health: 0/39       AC: 22    Str:  7    XL:     4   Next: 40%
Magic:  5/7        EV:  3    Int: 14    God:
Gold:   102        SH:  0    Dex: 16    Spells: 4/7 levels left

rFire    + . .     SeeInvis .     - Unarmed
rCold    + . .     Gourm    .   (shield restricted)
rNeg     + + +     Faith    .   (armour currently unavailable)
rPois    +         Spirit   .   (helmet currently unavailable)
rElec    +         Reflect  .   (cloak currently unavailable)
rCorr    +         Harm     .   (gloves currently unavailable)
MR       .....     Clarity  +   (boots currently unavailable) Stlth ++........NoTele +
                                (no amulet)
HPRegen  0.13/turn              (no ring)
MPRegen  0.10/turn              (no ring)

@: lethally poisoned (0 -> -15), tree-form, resistant
A: small, carnivore, clarity, sense surroundings 1, wild magic 1
a: no special abilities


You were on level 2 of the Dungeon.
You were very full.
You were a tree.
You visited 1 branch of the dungeon, and saw 2 of its levels.

You collected 102 gold pieces.

Inventory:

Missiles
 a - 60 arrows
 l - 24 bolts
Armour
 b - a +0 robe (melded)
Scrolls
 c - 5 scrolls of identify {unknown}
 f - 2 scrolls of amnesia {unknown}
 i - 3 scrolls of teleportation {unknown}
 n - a scroll of enchant weapon {unknown}
 p - a scroll of immolation {unknown}
Potions
 g - a potion of berserk rage {unknown}
 j - a potion of resistance
 k - a potion of curing {unknown}
 o - a potion of heal wounds {unknown}
 q - a potion of brilliance {unknown}
Comestibles
 d - 4 rations


   Skills:
 + Level 1.9 Fighting
 + Level 3.0 Dodging
 + Level 0.7 Stealth
 * Level 3.6 Unarmed Combat
 - Level 2.1 Spellcasting
 * Level 3.0 Transmutations


You had 4 spell levels left.
You knew the following spells:

 Your Spells              Type           Power        Failure   Level  Hunger
a - Beastly Appendage     Tmut           ##....       11%         1    #......
b - Sticks to Snakes      Tmut           ##......     16%         2    ###....

Your spell library contained the following spells:

 Spells                   Type           Power        Failure   Level  Hunger
 Spider Form              Tmut/Pois      #.........   45%         3    ###....
 Ice Form                 Ice/Tmut       #.......     83%         4    #####..
 Blade Hands              Tmut           ##........   92%         5    ######.


Dungeon Overview and Level Annotations

Branches:
Dungeon (2/15)

Altars:
Okawaru


Innate Abilities, Weirdness & Mutations

You are small and have problems with some larger weapons.
You are carnivorous and can eat meat at any time.
((You have a pair of small horns on your head.))
You possess an exceptional clarity of mind.
You passively map a small area around you.
Your spells are a little harder to cast, but a little more powerful.


Message History

* * * LOW HITPOINT WARNING * * *
You feel sick.
* * * LOW HITPOINT WARNING * * *
You feel sick.
Your adder bites the kobold.
The kobold dies!
It was a potion of resistance.
You feel protected.
* * * LOW HITPOINT WARNING * * *
You feel sick.
It was a potion of lignification.
Your talons disappear.
You turn into a tree.
Your +0 robe melds into your body.
Your roots penetrate the ground.
* * * LOW HITPOINT WARNING * * *
You feel sick.
It was a potion of mutation.
You feel extremely strange. A pair of horns grows on your head!
You feel a strange attunement to the structure of the dungeons.
Your thoughts seem clearer.
You feel less in control of your magic.
You die...

#. #...#......).######.
#. #.#...####)÷.......[
#. #.##.## ##..[.......
#.##, #.####...######..
#.#. *#........# #..
#.#. ######..## #..
#.#. #..#######..
#.#.##### #..#........
#....S♣.# #...........
###..##.####.##.#####.#
##.##.............>.#
#.#.#.###.##...#####
#..###.##......# ##.##
##.#..###.## #.##
##...# ...# ##.##
##.#..###.#####
##.###.##...........


You could see a friendly adder.

Vanquished Creatures
  An adder (D:2)
  An ooze (D:2)
  A worm (D:2)
  2 dart slugs
  2 leopard geckos (D:2)
  A ball python (D:1)
  5 bats
  A giant cockroach (D:2)
  2 goblins (D:1)
  3 hobgoblins
  6 jackals (D:1)
  5 kobolds
  2 frilled lizards
  7 rats (D:1)
39 creatures vanquished.

Vanquished Creatures (collateral kills)
  A worm (D:2)
  A giant cockroach (D:2)
  A goblin (D:2)
  A kobold (D:2)
  A rat (D:2)
5 creatures vanquished.

Grand Total: 44 creatures vanquished

Notes
Turn   | Place    | Note
-------+----------+-------------------------------------------
     0 | D:1      | Lanoc the Kobold Transmuter began the quest for the Orb.
     0 | D:1      | Reached XP level 1. HP: 12/12 MP: 3/3
   388 | D:1      | Reached XP level 2. HP: 5/16 MP: 3/5
   648 | D:1      | Learned a level 2 spell: Sticks to Snakes
   797 | D:1      | Reached XP level 3. HP: 4/20 MP: 3/6
  1735 | D:2      | Reached XP level 4. HP: 12/26 MP: 5/7
  1892 | D:2      | Found an iron altar of Okawaru.
  2237 | D:2      | HP: 1/26 [poisoned by a kobold]
  2239 | D:2      | Gained mutation: You have a pair of small horns on your
                  | head. [potion of mutation]
  2239 | D:2      | Gained mutation: You passively map a small area around you.
                  | [potion of mutation]
  2239 | D:2      | Gained mutation: You possess an exceptional clarity of
                  | mind. [potion of mutation]
  2239 | D:2      | Gained mutation: Your spells are a little harder to cast,
                  | but a little more powerful. [potion of mutation]
  2239 | D:2      | Succumbed to a kobold's poison

Levels and vault maps discovered:
D:1:      minmay_arrival_diagonal_passages, layout_basic
D:2:      minmay_chambers_of_ones, layout_loops_ring,
          nicolae_overflow_crystal_walls, kennysheep_another_room

Skill      XL: |  1  2  3  4 |
---------------+-------------+-----
Dodging        | 3 |  3.0
Transmutations | 3 |  3.0
Fighting       | |  1.9
Stealth        | |  0.7
Unarmed Combat | |  3.6
Spellcasting   | |  2.1

Action                   |  1- 3 |  4- 6 || total
-------------------------+-------+-------++-------
Melee: Unarmed           |   150 |    44 ||   194
       Kick              |    13 |     5 ||    18
       Headbutt          |     4 |     5 ||     9
       Punch             |       |     1 ||     1
 Cast: Beastly Appendage |    19 |     6 ||    25
       Sticks to Snakes  |     2 |     1 ||     3
  Use: Potion            |       |     3 ||     3
 Stab: Sleeping          |     1 |     1 ||     2
  Eat: Chunk             |    11 |     2 ||    13
Armor: Robe              |    19 |     4 ||    23
Dodge: Dodged            |   138 |    28 ||   166

Table legend:
 A = Non-vault XP
 B = Vault XP
 C = Vault XP percentage of total XP
 D = Non-vault monster count
 E = Vault monster count
 F = Vault count percentage of total count
                 A         B        C        D         E       F
            +---------+---------+-------+---------+---------+-------
      Total |      97 |       0 |   0.0 |      44 |       0 |   0.0
            +---------+---------+-------+---------+---------+-------
        D:1 |      44 |       0 |   0.0 |      26 |       0 |   0.0
        D:2 |      53 |       0 |   0.0 |      18 |       0 |   0.0
            +---------+---------+-------+---------+---------+-------
